 Dungeon Crawl Stone Soup version 0.30-a0-626-gd6a5dd7a1f (webtiles) character file.

Game seed: 11618072601524004843

237 wormed the Changer (level 6, 0/45 HPs)
             Began as an Octopode Transmuter on Jan 12, 2023.
             Slain by Robin
             ... wielding a +0 mace
              (2 damage)
             ... on level 2 of the Dungeon.
             The game lasted 00:03:40 (1604 turns).

wormed the Changer (Octopode Transmuter)            Turns: 1604, Time: 00:03:41

Health: 0/45       AC:  6    Str:  9    XL:     6   Next: 6%
Magic:  2/11       EV: 10    Int: 17    God:
Gold:   72         SH:  0    Dex: 13    Spells: 5/12 levels left

rFire   . . .      SeeInvis .      - Unarmed
rCold   + + +      Faith    .    (shield currently unavailable)
rNeg    . . .      Spirit   .    (helmet currently unavailable)
rPois   +          Reflect  .    (no amulet)
rElec   .          Harm     .    c - ring of protection from fire
rCorr   .          Rampage  .    (no ring)
Will    .....                    (no ring)
Stlth   +                        (no ring)
HPRegen 0.27/turn                (no ring)
MPRegen 0.12/turn                (no ring)
                                 (no ring)
                                 (no ring)

@: ice-form, very slightly contaminated
A: freezing attack, boosted hp, almost no armour, amphibious, 8 rings, large,
(camouflage 1), (gelatinous body 1), (nimble swimmer 1), (tentacles)
a: End Transformation


You were on level 2 of the Dungeon.
You were a creature of crystalline ice.
You visited 1 branch of the dungeon, and saw 2 of its levels.

You collected 72 gold pieces.

Inventory:

Jewellery
 c - a ring of protection from fire (left front paw)
Wands
 g - a wand of light (10)
Scrolls
 e - a scroll of poison {unknown}
 f - 2 scrolls of identify {unknown}
Potions
 a - a potion of lignification
 b - a potion of curing
 d - a potion of attraction {unknown}


   Skills:
 - Level 1.0 Fighting
 - Level 2.0 Dodging
 - Level 3.0 Unarmed Combat
 + Level 3.6 Spellcasting
 + Level 3.8 Transmutations
 + Level 3.1 Ice Magic


You had 5 spell levels left.
You knew the following spells:

 Your Spells              Type           Power      Damage    Failure   Level
a - Beastly Appendage     Tmut           32%        N/A       3%          1
b - Wereblood             Tmut           16%        N/A       5%          2
c - Ice Form              Ice/Tmut       14%        N/A       36%         4

Your spell library contained the following spells:

 Spells                   Type           Power      Damage    Failure   Level
 Spider Form              Tmut/Pois      9%         N/A       22%         3


Dungeon Overview and Level Annotations

Branches:
Dungeon (2/15)

Altars:

Annotations:
D:2 Robin


Innate Abilities, Weirdness & Mutations

You are a creature of crystalline ice.
You have a powerful freezing melee attack.
Your maximum health is increased.
Your armour is entirely melded.
You are incapable of wielding weapons or throwing items.
You cannot wear most types of armour.
You are amphibious.
You can wear up to eight rings at the same time.
((Your skin changes colour to match your surroundings (Stealth+).))
((Your rubbery body absorbs attacks. (AC +1, EV +1)))
((You are camouflaged when in or above water. (Stealth+)))
((You have tentacles for arms and can constrict up to eight enemies at once.))


Message History

You see here a hobgoblin corpse.
You closely miss the goblin. You grab the goblin. You constrict the goblin.
Robin barely misses you. The hobgoblin hits you.
* * * LOW HITPOINT WARNING * * *
The goblin barely misses you.
Casting: Wereblood (safe; 5% risk of failure)
Confirm with . or Enter, or press ? or * to list all spells.
The spell is extremely dangerous to miscast (36% risk of failure)!
Continue anyway?
You turn into a creature of crystalline ice.
You lose your grip on the goblin.
The goblin hits you with a +0 club.
* * * LOW HITPOINT WARNING * * *
Robin hits you with a +0 mace.
* * * LOW HITPOINT WARNING * * *
The hobgoblin barely misses you.
It was a potion of curing.
You feel better. Robin hits you but does no damage.
The hobgoblin barely misses you. The goblin hits you but does no damage.
You punch the goblin! You freeze the goblin.
You kill the goblin!
The hobgoblin hits you.
* * * LOW HITPOINT WARNING * * *
Robin closely misses you.
You hit the hobgoblin. You freeze the hobgoblin.
You kill the hobgoblin!
Robin barely misses you.
You hit Robin but do no damage.
Robin is moderately wounded.
The adder bites you but does no damage.
You hit the adder. You freeze the adder.
The adder is severely wounded.
The adder barely misses you. Robin hits you with a +0 mace.
* * * LOW HITPOINT WARNING * * *
The adder bites you but does no damage.
You hit Robin but do no damage.
Robin is moderately wounded.
The adder bites you.
* * * LOW HITPOINT WARNING * * *
The goblin hits you with a +0 club.
* * * LOW HITPOINT WARNING * * *
Robin hits you with a +0 mace.
You die...

........... ...
.........# ...g
.......# ...g
###)#### g.... #
#.# ###... # #.#
#g.. #)## ####g#
#..# #<####..gS####
##.###.......gY)..#
#>.######.######.#
##.# #..# ..# #.##
#.## #.# #..# #.#
.. ##.# #.# ... #.#
#.# ... #.####.#
.... #......#


You could see Robin, an adder and 3 goblins.

Vanquished Creatures
  Sigmund (D:2)
  2 dart slugs (D:1)
  6 ball pythons
  6 endoplasms
  5 giant cockroaches
  14 goblins
  9 hobgoblins
  2 jackals (D:2)
  A quokka (D:2)
  7 bats
  2 frilled lizards
  7 kobolds
  7 rats
69 creatures vanquished.

Notes
Turn   | Place    | Note
-------+----------+-------------------------------------------
     0 | D:1      | wormed the Octopode Transmuter began the quest for the Orb.
     0 | D:1      | Reached XP level 1. HP: 13/13 MP: 3/3
   124 | D:1      | Found a large runed translucent door.
   124 | D:1      | Found a large runed translucent door.
   157 | D:1      | Reached XP level 2. HP: 18/18 MP: 3/5
   196 | D:1      | Learned a level 2 spell: Wereblood
   227 | D:1      | Reached skill level 1 in Ice Magic
   692 | D:1      | Reached XP level 3. HP: 22/23 MP: 4/6
  1141 | D:2      | Reached XP level 4. HP: 28/28 MP: 4/8
  1150 | D:2      | Learned a level 4 spell: Ice Form
  1389 | D:2      | Noticed Sigmund
  1441 | D:2      | Killed Sigmund
  1441 | D:2      | Identified the +6 sling of Wounding {freeze, *Slow rF+
                  | Will+ Str+3}
  1442 | D:2      | Reached XP level 5. HP: 33/33 MP: 1/10
  1442 | D:2      | Reached XP level 6. HP: 38/38 MP: 1/11
  1555 | D:2      | Noticed Robin
  1604 | D:2      | HP: 2/45 [goblin/+0 club[Robin] (4)]
  1604 | D:2      | Slain by Robin

Illustrated notes

Levels and vault maps discovered:
D:1:      erik_arrival_cave_to_civilisation [erik_arrival_cave_to_temple],
          layout_basic, serial_bayou_pond_d
D:2:      layout_rooms, uniq_robin, uniq_sigmund

Skill      XL: |  1  2  3  4 |
---------------+-------------+-----
Ice Magic      | 1 3 |  3.1
Spellcasting   | 3 |  3.6
Transmutations | 3 |  3.8
Fighting       | |  1.0
Dodging        | |  2.0
Unarmed Combat | |  3.0

Action                   |  1- 3 |  4- 6 || total
-------------------------+-------+-------++-------
Melee: Unarmed           |    83 |    44 ||   127
       Kick              |    21 |     5 ||    26
       Constrict         |    26 |    10 ||    36
       Tentacles         |    20 |     7 ||    27
       Punch             |     3 |       ||     3
 Cast: Beastly Appendage |    14 |     1 ||    15
       Wereblood         |     7 |     3 ||    10
       Ice Form          |       |     2 ||     2
  Use: Potion            |       |     1 ||     1
 Stab: Sleeping          |     2 |       ||     2
Armor: Skin              |     7 |     7 ||    14
Dodge: Dodged            |    61 |    30 ||    91

Table legend: (Time is in decaauts)
 A = Elapsed time spent in this place.
 B = Non-inter-level travel time spent in this place.
 C = Inter-level travel time spent in this place.
 D = Time resting spent in this place.
 E = Time spent auto-exploring this place.
 F = Levels seen in this place.
 G = Mean time per level.
                   A        B        C        D        E       F      G
               +--------+--------+--------+--------+--------+-----+--------+
         Total |   1595 |   1490 |    105 |      0 |   1105 |   2 |  797.5 |
       Dungeon |   1595 |   1490 |    105 |      0 |   1105 |   2 |  797.5 |
               +--------+--------+--------+--------+--------+-----+--------+

Top non-repeatable levels by time:
     D:1: 1053 daAuts
     D:2: 542 daAuts
